 Dungeon Crawl Stone Soup version 0.31-a0-370-g25055926c8 (webtiles) character file.

Game seed: 1750880639839085173

42433 AdnanSaban the Bludgeoner (level 14, -3/90 HPs)
             Began as a Gargoyle Fighter on July 29, 2023.
             Was the Champion of Okawaru.
             Slain by a dire elephant (15 damage)
             ... on level 4 of the Lair of Beasts.
             The game lasted 00:23:13 (15762 turns).

AdnanSaban the Bludgeoner (Gargoyle Fighter)       Turns: 15762, Time: 00:23:14

Health: -3/90      AC: 25    Str: 25    XL:     14   Next: 19%
Magic:  0/18       EV:  9    Int:  9    God:    Okawaru [******]
Gold:   1393       SH: 16    Dex:  9    Spells: 13/13 levels left

rFire   . . .        Q - +4 morningstar (protect)
rCold   . . .        x - +0 kite shield
rNeg    + . .        K - +0 chain mail
rPois   ∞            n - +2 hat of the Bear Spirit {Spirit, Bear, *Rage Will++}
rElec   +            (no cloak)
rCorr   .            E - +0 pair of gloves
SInv    .            (no boots)
Will    +++..        z - amulet of reflection Stlth
                     v - +4 ring of slaying
HPRegen 0.35/turn    B - +4 ring of slaying
MPRegen 0.16/turn

%: random rage (20%), reflection, guardian spirit
@: flying
A: sickness immunity, AC +10, big wings, negative energy resistance 1,
electricity resistance, torment resistance 1, petrification resistance
a: Renounce Religion, Heroism, Finesse, Duel


You were on level 4 of the Lair of Beasts.
You worshipped Okawaru.
Okawaru was exalted by your worship.
You visited 3 branches of the dungeon, and saw 18 of its levels.

You collected 1393 gold pieces.

Inventory:

Hand Weapons
 Q - a +4 morningstar of protection (weapon)
Missiles
 a - 3 atropa-tipped darts
 l - 30 poisoned darts (quivered)
 m - 130 stones
 G - 9 boomerangs
 L - 6 datura-tipped darts
 R - 11 javelins
 T - 6 curare-tipped darts
Armour
 n - the +2 hat of the Bear Spirit (worn) {Spirit, Bear, *Rage Will++}
   (You found it on level 2 of the Dungeon)

   Bear:      Going berserk makes the wearer exceptionally tough, and they are
   slowed for a shorter time afterward.
   *Rage:     It berserks you when you make melee attacks (+20% chance).
   Will:      It greatly increases your willpower.
 x - a +0 kite shield (worn)
 E - a +0 pair of gloves (worn)
 K - a +0 chain mail (worn)
Jewellery
 v - a +4 ring of slaying (left hand)
 z - an amulet of reflection (around neck)
 B - a +4 ring of slaying (right hand)
 N - a ring of positive energy
 O - a ring of ice
Wands
 o - a wand of iceblast (7)
 U - a wand of light (3)
 Y - a wand of mindburst (4)
 Z - a wand of digging (3)
Scrolls
 b - 3 scrolls of fog {unknown}
 c - 3 scrolls of immolation {unknown}
 e - 21 scrolls of identify {unknown}
 g - 4 scrolls of revelation {unknown}
 i - 4 scrolls of poison {unknown}
 j - 5 scrolls of enchant weapon {unknown}
 k - a scroll of silence {unknown}
 s - 7 scrolls of teleportation {unknown}
 u - 3 scrolls of enchant armour {unknown}
 w - 4 scrolls of amnesia {unknown}
 y - a scroll of blinking {unknown}
 C - a scroll of fear {unknown}
 J - 2 scrolls of brand weapon {unknown}
 M - a scroll of vulnerability {unknown}
Potions
 d - 4 potions of might
 f - 4 potions of mutation {unknown}
 h - 2 potions of invisibility {unknown}
 p - 4 potions of attraction {unknown}
 q - 5 potions of curing
 r - 2 potions of berserk rage {unknown}
 t - 5 potions of lignification {unknown}
 A - a potion of brilliance {unknown}
 D - 2 potions of resistance {unknown}
 F - 4 potions of degeneration {unknown}
 H - 3 potions of ambrosia {unknown}
 I - a potion of heal wounds {unknown}
 P - 4 potions of enlightenment {unknown}
 S - a potion of haste {unknown}
 V - a potion of magic {unknown}
 X - 2 potions of cancellation {unknown}


   Skills:
 + Level 11.3 Fighting
 + Level 15.3 Maces & Flails
 + Level 0.4 Throwing
 + Level 10.0 Armour
 + Level 4.8 Dodging
 + Level 12.6 Shields
 + Level 6.5 Invocations


You had 13 spell levels left.
You didn't know any spells.
Your spell library contained the following spells:

 Spells                   Type           Power      Damage    Failure   Level
 Shock                    Conj/Air       0%         1d3       95%         1
 Hailstorm                Conj/Ice       0%         3d3       100%        3
 Swiftness                Air            0%         N/A       100%        3
 Airstrike                Air            0%         2d(0-16)  100%        4
 Petrify                  Tmut/Erth      0%         N/A       100%        4
 Irradiate                Conj/Tmut      0%         3d11      100%        5
 Sublimation of Blood     Necr           Unusable   N/A       N/A         2
 Summon Ice Beast         Ice/Summ       Unusable   N/A       N/A         4
 Simulacrum               Ice/Necr       Unusable   N/A       N/A         6

Dungeon Overview and Level Annotations

Branches:
Dungeon (12/15)            Temple (1/1) D:4            Lair (5/5) D:9
 Shoals (0/4) Lair:2       Spider (0/4) Lair:2        Slime (0/5) Lair:4
    Orc (0/2) D:11

Altars:
Ashenzari
Cheibriados
Dithmenos
Elyvilon
Fedhas
Gozag
Hepliaklqana
Kikubaaqudgha
Makhleb
Nemelex Xobeh
Okawaru
Qazlal
Ru
Sif Muna
Trog
Uskayaw
Vehumet
Wu Jian
Xom
Yredelemnul
Zin
The Shining One

Shops:
D:4 (?   D:7 :   D:11 ((

Annotations:
Lair:5 exclusion: oklob plant


Innate Abilities, Weirdness & Mutations

You are immune to sickness and miasma.
Your stone body is resilient. (AC +10)
You are immune to poison.
Your large and strong wings let you fly.
You resist negative energy. (rN+)
You are resistant to electric shocks. (rElec)
You are resistant to unholy torment.
You are immune to petrification.


Message History

The spectral anaconda closely misses you.
You block the spectral anaconda's attack.
There is an open gate, spattered with blood here.
You block the spectral anaconda's attack. x2
The spectral anaconda attacks as you move away!
You block the spectral anaconda's attack.
The spectral anaconda bites you but does no damage.
You block the spectral anaconda's attack.
The spectral anaconda bites you but does no damage.
You block the spectral anaconda's attack. x2
The spectral anaconda attacks as you move away!
You block the spectral anaconda's attack.
The spectral anaconda closely misses you.
The spectral anaconda bites you but does no damage.
The spectral anaconda attacks as you move away!
The spectral anaconda barely misses you.
The spectral anaconda bites you but does no damage.
You block the spectral anaconda's attack.
The spectral anaconda bites you but does no damage.
There is an escape hatch in the ceiling here.
The spectral anaconda grabs you.
You stop ascending the stairs.
The spectral anaconda bites you but does no damage.
The spectral anaconda constricts you.
The spectral anaconda loses its grip on you.
Unknown command.
You block the spectral anaconda's attack. x2
A mysterious force pulls you upwards. The hatch slams shut behind you.
The dire elephant attacks as you move away!
You block the dire elephant's attack. x2
The dire elephant attacks as you move away!
You block the dire elephant's attack. The dire elephant trunk-slaps you!
* * * LOW HITPOINT WARNING * * *
You recover from your berserk rage.
The dire elephant attacks as you move away!
The dire elephant tramples you!
* * * LOW HITPOINT WARNING * * *
The dire elephant trunk-slaps you but does no damage.
The dire elephant attacks as you move away!
The dire elephant tramples you!!
You die...

..>..............................
...........#.#...................
..............#..................
.............♣..P...............#
.........#..~~.~~~~~♣...........#
.......###..~~~~~~P~~.#...#..P...
#.........P.~.~≈~≈~~~....######..
##........♣~~~~~~~~.~...## #..
##....P......~~.@~~~P..## #..
#..........P~~.~.YP....# #..
#............PP..♣....## #..
......#........##.....# #..
#......#.......##....## ##..
##....#........#.....# #...
##...................# #...
#....................# ##..
.....................#### ####...


You could see a dire elephant.

Vanquished Creatures
  Rupert (Lair:2)
  2 dire elephants (Lair:5)
  Fannar (D:11)
  4 hydras
  A two-headed ogre (D:12)
  A boulder beetle (D:12)
  2 death yaks (Lair:5)
  Urug (Lair:5)
  A skyshark (Lair:5)
  An orb spider (Lair:2)
  A deep elf pyromancer (D:12)
  2 necromancers (Lair:5)
  An oklob plant (Lair:5)
  A manticore (D:12)
  A cyclops (D:11)
  6 elephants
  A dire elephant zombie (Lair:5)
  A gargoyle (D:12)
  10 cane toads
  2 rime drakes
  2 unseen horrors
  2 black mambas
  8 komodo dragons
  A polar bear (D:9)
  3 trolls
  10 dream sheep (Lair:5)
  4 blink frogs (Lair:3)
  2 slime creatures (D:12)
  Sigmund (D:6)
  A vampire (D:12)
  A wraith (D:12)
  48 yaks
  3 basilisks
  3 wyverns
  A dire elephant simulacrum (Lair:5)
  A death yak simulacrum (Lair:5)
  3 vampire mosquitoes
  The ghost of Tutankhamun the Ruffian, an amateur DrSh of Fedhas (D:4)
  2 spectral cane toads (Lair:5)
  A steam dragon (D:10)
  3 acid dragons
  2 hell hounds (Lair:2)
  12 water moccasins
  A floating eye (Lair:5)
  5 orc warriors
  2 ice beasts
  A sky beast (D:7)
  3 black bears
  4 centaurs
  18 wolves
  2 kobold brigands
  7 bullfrogs
  A gnoll sergeant (D:9)
  4 scorpions
  17 killer bees
  3 howler monkeys
  3 electric eels
  4 hounds
  4 orc priests
  3 jellies
  2 sleepcaps
  2 iguanas (D:5)
  15 orc wizards
  4 hell rats (Lair:4)
  14 gnolls
  6 adders
  5 white imps
  A howler monkey simulacrum (D:9)
  4 worms
  2 dart slugs
  57 orcs
  4 ball pythons
  6 endoplasms
  4 goblins
  9 hobgoblins
  3 jackals (D:3)
  3 quokkas (D:2)
  5 bats
  4 frilled lizards
  15 kobolds
  8 rats
411 creatures vanquished.

Notes
Turn   | Place    | Note
-------+----------+-------------------------------------------
     0 | D:1      | AdnanSaban the Gargoyle Fighter began the quest for the
                  | Orb.
     0 | D:1      | Reached XP level 1. HP: 14/14 MP: 1/1
   212 | D:1      | Reached XP level 2. HP: 19/19 MP: 2/2
   903 | D:2      | Found the +2 hat of the Bear Spirit {Spirit, Bear, *Rage
                  | Will++}
   926 | D:2      | Identified the +6 short sword "Miati" {speed, *Slow Int+5}
   944 | D:2      | Reached XP level 3. HP: 23/24 MP: 3/3
  1462 | D:3      | Reached XP level 4. HP: 29/29 MP: 2/4
  1483 | D:3      | Found a shimmering altar of Xom.
  1526 | D:3      | Found a sparkling altar of Nemelex Xobeh.
  1716 | D:3      | Found a white marble altar of Elyvilon.
  1722 | D:3      | Reached skill level 3 in Maces & Flails
  1919 | D:4      | Found a staircase to the Ecumenical Temple.
  1938 | Temple   | Entered the Ecumenical Temple
  1944 | Temple   | Reached XP level 5. HP: 33/33 MP: 5/5
  1954 | Temple   | Became a worshipper of Warmaster Okawaru
  2043 | D:4      | Found Isseypil's Weapon Emporium.
  2093 | D:4      | Found Xefikha's Magic Scroll Shop.
  2226 | D:4      | Found a large runed translucent door.
  2227 | D:4      | Found a large runed translucent door.
  2230 | D:4      | Noticed Tutankhamun's ghost (amateur DrSh)
  2339 | D:4      | Reached skill level 1 in Dodging
  2477 | D:4      | Reached skill level 4 in Maces & Flails
  2477 | D:4      | Reached XP level 6. HP: 38/38 MP: 6/6
  2491 | D:4      | Found an ornate altar of the Wu Jian Council.
  2911 | D:4      | Killed Tutankhamun's ghost
  2911 | D:4      | Reached * piety under Okawaru
  3009 | D:5      | Entered Level 5 of the Dungeon
  3071 | D:5      | Noticed a black bear
  3078 | D:5      | Killed a black bear
  3079 | D:5      | Reached skill level 5 in Maces & Flails
  3079 | D:5      | Reached XP level 7. HP: 41/44 MP: 7/7
  3148 | D:5      | Reached skill level 5 in Fighting
  3307 | D:5      | Reached skill level 5 in Armour
  3356 | D:5      | Reached ** piety under Okawaru
  3357 | D:5      | Reached skill level 6 in Maces & Flails
  3357 | D:5      | Reached XP level 8. HP: 49/49 MP: 8/8
  3456 | D:5      | Found a hide-covered altar of Uskayaw.
  3792 | D:6      | Noticed Sigmund
  3799 | D:6      | Killed Sigmund
  3800 | D:6      | Reached skill level 5 in Shields
  4422 | D:6      | Reached skill level 7 in Maces & Flails
  4869 | D:7      | Found Peastibb's Book Boutique.
  4886 | D:7      | Noticed a wyvern
  4890 | D:7      | Killed a wyvern
  5088 | D:7      | Reached XP level 9. HP: 55/55 MP: 9/9
  5217 | D:7      | Reached *** piety under Okawaru
  5218 | D:7      | Reached skill level 8 in Maces & Flails
  5451 | D:7      | Found a stormy altar of Qazlal.
  6279 | D:9      | Found a sacrificial altar of Ru.
  6481 | D:9      | Reached **** piety under Okawaru
  6496 | D:9      | Reached skill level 9 in Maces & Flails
  6729 | D:9      | Received a gift from Okawaru
  6730 | D:9      | Reached XP level 10. HP: 59/61 MP: 8/10
  6744 | D:9      | Found a staircase to the Lair.
  6808 | D:9      | Reached skill level 1 in Invocations
  7213 | D:10     | Entered Level 10 of the Dungeon
  7359 | D:10     | Found an opulent altar of Gozag.
  7513 | D:10     | Found a bloodstained altar of Trog.
  7576 | D:10     | Reached skill level 10 in Maces & Flails
  7923 | D:11     | Reached ***** piety under Okawaru
  8265 | D:11     | Received a gift from Okawaru
  8457 | D:11     | Found a staircase to the Orcish Mines.
  8458 | D:11     | Found Riaqots's Weapon Emporium.
  8470 | D:11     | Reached XP level 11. HP: 67/67 MP: 14/14
  8628 | D:11     | Found Cybber's Antique Weapon Shoppe.
  8632 | D:11     | Noticed Fannar
  8722 | D:11     | Killed Fannar
  8804 | D:11     | Noticed a cyclops
  8813 | D:11     | Killed a cyclops
  9370 | D:12     | Received a gift from Okawaru
  9371 | D:12     | Reached skill level 5 in Invocations
  9403 | D:12     | Noticed a two-headed ogre
  9408 | D:12     | Killed a two-headed ogre
  9409 | D:12     | Reached skill level 11 in Maces & Flails
  9587 | D:12     | Noticed a manticore
  9593 | D:12     | Killed a manticore
  9593 | D:12     | Received a gift from Okawaru
  9741 | D:12     | Noticed a deep elf pyromancer
  9747 | D:12     | Killed a deep elf pyromancer
  9813 | D:12     | Noticed a boulder beetle
  9828 | D:12     | Killed a boulder beetle
  9828 | D:12     | Reached ****** piety under Okawaru
 10129 | Lair:1   | Entered Level 1 of the Lair of Beasts
 10215 | Lair:1   | Identified the +0 chain mail "Anewexko" {Dex+3} (Okawaru
                  | gifted it to you on level 1 of the Lair of Beasts)
 10215 | Lair:1   | Received a gift from Okawaru
 10250 | Lair:1   | Reached XP level 12. HP: 75/75 MP: 16/16
 10268 | Lair:1   | Reached skill level 10 in Shields
 10282 | Lair:1   | Reached skill level 12 in Maces & Flails
 10812 | Lair:1   | Noticed a four-headed hydra
 10819 | Lair:1   | Killed a four-headed hydra
 11224 | Lair:2   | Found a hole to the Spider Nest.
 11415 | Lair:2   | Noticed a six-headed hydra
 11425 | Lair:2   | Killed a six-headed hydra
 11907 | Lair:2   | Found a staircase to the Shoals.
 12054 | Lair:2   | Reached skill level 13 in Maces & Flails
 12568 | Lair:3   | Identified the +1 robe of Tickepo {rElec} (Okawaru gifted
                  | it to you on level 3 of the Lair of Beasts)
 12568 | Lair:3   | Received a gift from Okawaru
 12586 | Lair:3   | Noticed Rupert
 12591 | Lair:3   | Paralysed by Rupert for 4 turns
 12631 | Lair:2   | Killed Rupert
 12632 | Lair:2   | Reached XP level 13. HP: 81/81 MP: 15/17
 12933 | Lair:3   | Reached skill level 10 in Fighting
 13479 | Lair:4   | Reached skill level 14 in Maces & Flails
 13792 | Lair:4   | Found a staircase to the Slime Pits.
 14403 | Lair:5   | Entered Level 5 of the Lair of Beasts
 14445 | Lair:5   | Noticed Urug
 14465 | Lair:5   | Killed Urug
 14684 | Lair:5   | Noticed a dire elephant
 14684 | Lair:5   | Noticed a dire elephant
 14685 | Lair:5   | Noticed a dire elephant
 14804 | Lair:5   | Identified the +0 kite shield "Tivvath" {Str+5} (Okawaru
                  | gifted it to you on level 5 of the Lair of Beasts)
 14804 | Lair:5   | Received a gift from Okawaru
 15082 | Lair:5   | Paralysed by a floating eye for 4 turns
 15092 | Lair:5   | Paralysed by a floating eye for 2 turns
 15099 | Lair:5   | Gained mutation: Your large and strong wings let you fly.
                  | [Gargoyle growth]
 15099 | Lair:5   | Reached XP level 14. HP: 90/90 MP: 15/18
 15102 | Lair:5   | Paralysed by a floating eye for 3 turns
 15103 | Lair:5   | Reached skill level 15 in Maces & Flails
 15648 | Lair:5   | Reached skill level 10 in Armour
 15695 | Lair:5   | Killed a dire elephant
 15704 | Lair:5   | Killed a dire elephant
 15762 | Lair:4   | Slain by a dire elephant

Illustrated notes

Levels and vault maps discovered:
D:1:      dpeg_arrival_rooms_c, layout_loops_corners
D:2:      layout_rooms
D:3:      layout_basic, mainiacjoe_overflow_large_starburst,
          mainiacjoe_overflow_chevrons
D:4:      layout_loops_cross, nicolae_wu_jian_wuxing_cycle,
          minmay_temple_entry_junction_2, ebering_ghost_disaster_area,
          serial_shops, nicolae_shop_advertising_works
          [nicolae_subvault_shop_adworks], nicolae_shop_rolling_square,
          bh_walls_and_bars
D:5:      layout_cave_pools, mainiacjoe_overflow_alcove_1, st_stairs_1
D:6:      layout_basic, uniq_sigmund
D:7:      layout_basic, nicolae_qazlal_eye_of_the_storm, serial_shops, shop
D:8:      layout_gridville
D:9:      layout_basic, nicolae_ru_awakened_eye, lair_entry_dummy, serial_ice,
          serial_ice_d, serial_ice_b, serial_ice_l, serial_ice_n
D:10:     layout_basic, mainiacjoe_overflow_alcove_4,
          mainiacjoe_overflow_catwalk, kennysheep_generic_room_6
D:11:     layout_loops_ring, orc_david_3, serial_shops, shop,
          minmay_misc_feat_alley, uniq_fannar
D:12:     layout_loops_ring
Temple:   nicolae_temple_god_jail
Lair:1:   layout_small_grid, grunt_megastairs_2
Lair:2:   layout_cave_pods, elwin_shoals_entry_rocks,
          nicolae_spider_entry_orb_guardian, enter_volcano_3, wad_woods_river_01
Lair:3:   layout_regular_city, grunt_megastairs_1, uniq_rupert
Lair:4:   layout_gridlike, slime_entry_1, serial_bayou_pond_b
Lair:5:   due_jungle_book, layout_cave_pods, st_stairs_10,
          small_statue_intersection, disabler_island, uniq_urug

Skill      XL: |  1  2  3  4  5  6  7  8  9 10 11 12 13 14 |
---------------+-------------------------------------------+-----
Maces & Flails | 3 4 5 6 7 9 10 11 13 14 15 | 15.3
Shields        | 4 5 7 8 9 11 12 | 12.6
Fighting       | 4 5 6 7 8 9 11 | 11.3
Armour         | 4 5 6 7 8 9 10 | 10.0
Dodging        | 1 2 3 4 |  4.8
Invocations    | 4 6 |  6.5
Throwing       | |  0.4

Action                     |  1- 3 |  4- 6 |  7- 9 | 10-12 | 13-15 || total
---------------------------+-------+-------+-------+-------+-------++-------
  Melee: Flail             |   126 |   120 |   211 |   211 |       ||   668
         Morningstar       |       |       |    89 |   283 |   321 ||   693
  Throw: Stone             |       |     2 |       |       |       ||     2
         Dart              |       |       |       |     3 |       ||     3
 Invoke: Heroism           |       |       |       |       |     1 ||     1
    Use: Potion            |       |       |       |       |     1 ||     1
 Armour: Scale mail        |    62 |    68 |   168 |   103 |       ||   401
         Chain mail        |       |       |       |   143 |   172 ||   315
  Dodge: Dodged            |    58 |    66 |    87 |   151 |    88 ||   450
  Block: Buckler           |    32 |    29 |       |       |       ||    61
         Kite shield       |       |     2 |   210 |   442 |   239 ||   893
         Reflection        |       |       |    10 |     7 |     2 ||    19

Table legend: (Time is in decaauts)
 A = Elapsed time spent in this place.
 B = Non-inter-level travel time spent in this place.
 C = Inter-level travel time spent in this place.
 D = Time resting spent in this place.
 E = Time spent auto-exploring this place.
 F = Levels seen in this place.
 G = Mean time per level.
                   A        B        C        D        E       F      G
               +--------+--------+--------+--------+--------+-----+--------+
         Total |  16307 |  15326 |    981 |   2034 |  10512 |  18 |  905.9 |
       Dungeon |  10505 |   9872 |    633 |   1070 |   6915 |  12 |  875.4 |
        Temple |     48 |     26 |     22 |     17 |      0 |   1 |   48.0 |
          Lair |   5754 |   5429 |    325 |    946 |   3597 |   5 | 1150.8 |
               +--------+--------+--------+--------+--------+-----+--------+

Top non-repeatable levels by time:
  Lair:2: 1348 daAuts
     D:6: 1331 daAuts
  Lair:4: 1235 daAuts
  Lair:5: 1133 daAuts
  Lair:1: 1105 daAuts
     D:4: 1102 daAuts
    D:10: 1050 daAuts
     D:9: 1017 daAuts
    D:11: 976 daAuts
    D:12: 972 daAuts
  Lair:3: 930 daAuts
     D:1: 896 daAuts
     D:7: 821 daAuts
     D:5: 638 daAuts
     D:3: 603 daAuts
